 Dungeon Sprint DCSS version 0.27-a0-1200-g94dc6ad4cf (webtiles) character file.

Game seed: 1095418503222144180

36 night the Ruffian (level 3, -4/33 HPs)
             Began as a Troll Earth Elementalist on May 30, 2021.
             Splashed by a jelly's acid (9 damage)
             ... in the Dungeon (Sprint V: "Ziggurat Sprint").
             The game lasted 00:05:30 (400 turns).

night the Ruffian (Troll Earth Elementalist)         Turns: 400, Time: 00:05:31

Health: -4/33      AC: 15    Str: 16    XL:     3   Next: 19%
Magic:  4/4        EV: -4    Int: 12    God:
Gold:   0          SH:  9    Dex: 10    Spells: 4/5 levels left

rFire    + . .     SeeInvis .     - Unarmed
rCold    + . .     Faith    .   a - +3 kite shield
rNeg     . . .     Spirit   .   n - +5 gold dragon scales
rPois    +         Reflect  .   (helmet restricted)
rElec    .         Harm     .   (no cloak)
rCorr    .         Rampage  .   (gloves unavailable)
Will     .....     NoTele   +   (boots unavailable)
Stlth    ..........             (no amulet)
HPRegen  1.11/turn              (no ring)
MPRegen  0.09/turn              (no ring)

@: corroded
A: large, unfitting armour, claws 3, regeneration 1, shaggy fur 1, tough skin 1
a: no special abilities


You were in the Dungeon.
You visited 1 branch

Inventory:

Hand Weapons
 G - the +7 Singing Sword {vorpal, sonic wave}
   (You found it in the Dungeon)

   It inflicts extra damage upon your enemies.
 H - a +5 fustibalus
Missiles
 b - 30 stones
 I - 1000 sling bullets
Armour
 a - a +3 kite shield (worn)
 c - a +0 robe
 j - a +3 tower shield
 n - +5 gold dragon scales (worn)
 F - the +18 shield of the Gong {rElec rN+ Will+ EV-5}
   (You found it in the Dungeon)

   It affects your evasion (-5).
   It insulates you from electricity.
   It protects you from negative energy.
   It increases your willpower.
Jewellery
 x - a ring of flight
 y - a +6 ring of dexterity
 z - a +6 ring of dexterity
 A - a +6 ring of intelligence
 B - a +6 ring of intelligence
 C - a +6 ring of strength
 D - a +6 ring of strength
Wands
 u - a wand of mindburst (7)
 v - a wand of iceblast (7)
 w - a wand of acid (6)
Scrolls
 i - 4 scrolls of blinking
 p - 4 scrolls of amnesia
 q - 7 scrolls of fog
 r - a scroll of holy word
 s - 5 scrolls of identify
 t - 2 scrolls of fear
Potions
 d - 7 potions of curing
 e - 10 potions of heal wounds
 f - 6 potions of haste
 g - 7 potions of magic
 h - 3 potions of berserk rage
 k - 2 potions of brilliance
 l - 2 potions of invisibility
 m - 4 potions of resistance
 o - 5 potions of might
Miscellaneous
 E - a lightning rod (4/4)


   Skills:
 + Level 1.1 Fighting
 - Level 1.5 Dodging
 - Level 1.0 Stealth
 * Level 7.8 Unarmed Combat
 + Level 1.6 Spellcasting
 - Level 0.6 Transmutations
 + Level 3.1 Earth Magic


You had 4 spell levels left.
You knew the following spells:

 Your Spells              Type           Power      Damage    Failure   Level
a - Sandblast             Erth           16%        2d6       100%        1

Your spell library contained the following spells:

 Spells                   Type           Power      Damage    Failure   Level
 Passwall                 Tmut/Erth      4%         N/A       100%        2
 Stone Arrow              Conj/Erth      8%         3d7       100%        3
 Petrify                  Tmut/Erth      5%         N/A       100%        4
 Lee's Rapid Deconstruct  Erth           4%         3d6*      100%        5


Dungeon Overview and Level Annotations

Branches:
Dungeon (1/1)

Altars:
Ashenzari
Cheibriados
Dithmenos
Elyvilon
Fedhas
Gozag
Hepliaklqana
Kikubaaqudgha
Makhleb
Nemelex Xobeh
Okawaru
Qazlal
Ru
Sif Muna
Trog
Uskayaw
Vehumet
Wu Jian
Xom
Yredelemnul
Zin
The Shining One
Beogh
Jiyva
Lugonu

Annotations:
D 1 transporter


Innate Abilities, Weirdness & Mutations

You are too large for most types of armour.
You have claws for hands.
Your natural rate of healing is unusually fast.
You are covered in fur. (AC +1)
You have tough skin. (AC +1)


Message History

The golden eye turns its gaze towards you.
The golden eye blinks at you.
You are more confused.
The golden eye blinks at you.
The golden eye turns its gaze towards you.
The golden eye blinks at you.
You are more confused.
You scratch the golden eye.
The golden eye is almost dead.
The golden eye blinks!
The golden eye blinks!
You bump into the unnaturally hard rock wall.
You barely miss the golden eye.
The golden eye is almost dead.
The golden eye blinks at you.
You are more confused.
The golden eye blinks!
There is a transporter here.
Welcome to arena 2.
You enter the transporter and appear at another place.
A jelly and 2 slime creatures come into view.
The slime creature quivers.
The jelly quivers.
Found three items.
Found a transporter.
You feel better.
You scratch the slime creature but do no damage.
The slime creature hits you. You block the jelly's attack.
The slime creature hits you but does no damage.
The slime creature hits you! The jelly hits you but does no damage.
You are too injured to fight recklessly!
You claw the jelly!
Your claws burn!
* * * LOW HITPOINT WARNING * * *
The jelly is almost dead.
The slime creature hits you.
* * * LOW HITPOINT WARNING * * *
The slime creature hits you.
* * * LOW HITPOINT WARNING * * *
The jelly hits you.
* * * LOW HITPOINT WARNING * * *
The acid corrodes you!
You are splashed with acid!
You die...

▓▓▓▓▓▓▓▓▓▓▓▓▓
▓.8©8.▓.8©8.▓
▓.}"}.▓..§.G▓
▓.....▓.[.[.▓
▓.....▓.....▓
▓.....▓.....▓
▓.JJJ.▓..©..▓
▓..@..▓▓▓▓▓▓▓
▓▓▓▓▓▓▓


You could see 2 slime creatures and a jelly.

Vanquished Creatures
  A jelly (D)
1 creature vanquished.

Notes
Turn   | Place    | Note
-------+----------+-------------------------------------------
     0 | D        | night the Troll Earth Elementalist began the quest for the
                  | Orb.
     0 | D        | Reached XP level 1. HP: 16/16 MP: 1/1
     1 | D        | Banished a spatial maelstrom
     2 | D        | Found a blossoming altar of Fedhas.
     3 | D        | Found the +6 Majin-Bo {vamp, MP+6 Int+6}
     3 | D        | Found the +9 heavy crossbow "Sniper" {vorpal, Acc+∞ SInv}
     3 | D        | Found the +10 dark maul {vorpal}
     3 | D        | Found the +15 Maxwell's patent armour {-Cast -Tele rElec
                  | Will+ rCorr}
     3 | D        | Found the +18 shield of the Gong {rElec rN+ Will+ EV-5}
     3 | D        | Found the +14 obsidian axe {vorpal, Drain Fly SInv}
     3 | D        | Found the +7 great mace "Firestarter" {inner flame, rF++}
     3 | D        | Found the +6 shillelagh "Devastator" {shatter}
     3 | D        | Found the +11 plutonium sword {Contam Stlth-}
     3 | D        | Found the +8 lance "Wyrmbane" {slay drac, rPois rF+ rC+
                  | AC+3}
     3 | D        | Found the +9 sword of Zonguldrok {reap}
     3 | D        | Found the +13 scythe of Curses {drain, Drain}
     3 | D        | Found the +5 sword of Power {vorpal}
     3 | D        | Found the +7 mace of Variability {chain chaos}
     3 | D        | Found the +7 Singing Sword {vorpal, sonic wave}
     3 | D        | Found the +8 storm bow {elec, penet}
     8 | D        | Banished a spatial maelstrom
    11 | D        | Found a shimmering blue altar of Sif Muna.
    11 | D        | Found a sacrificial altar of Ru.
    11 | D        | Found a bloodstained altar of Trog.
    11 | D        | Found a stormy altar of Qazlal.
    11 | D        | Found an iron altar of Okawaru.
    11 | D        | Found a sparkling altar of Nemelex Xobeh.
    13 | D        | Found a transporter.
    13 | D        | Found an ancient bone altar of Kikubaaqudgha.
    13 | D        | Found a viscous altar of Jiyva.
    13 | D        | Found a corrupted altar of Lugonu.
    13 | D        | Found a hazy altar of Hepliaklqana.
    13 | D        | Found a burning altar of Makhleb.
    13 | D        | Found an opulent altar of Gozag.
    50 | D        | Reached skill level 7 in Unarmed Combat
    50 | D        | Reached XP level 2. HP: 24/24 MP: 2/2
    76 | D        | Entered arena 2.
    76 | D        | Noticed a golden eye
    76 | D        | Found a transporter.
    82 | D        | Reached skill level 1 in Fighting
    82 | D        | Reached XP level 3. HP: 33/33 MP: 2/4
   395 | D        | Entered arena 3.
   395 | D        | Noticed a slime creature
   395 | D        | Noticed a slime creature
   395 | D        | Found a transporter.
   400 | D        | Splashed by a jelly's acid

Illustrated notes

Levels and vault maps discovered:
D:        sprint_v [room_start, room_1, room_2, room_3, room_4, room_5, room_6,
          room_7, room_8, room_9, room_10, room_11, room_12, room_13, room_14,
          room_15, room_16, room_17, room_18, room_19, room_20, room_21,
          room_22, room_23, room_24, room_25, room_26, room_27]

Skill      XL: |  1  2 |
---------------+-------+-----
Unarmed Combat | 7 |  7.8
Fighting       | 1 |  1.1
Earth Magic    | 3 |  3.1
Dodging        | |  1.5
Stealth        | |  1.0
Spellcasting   | |  1.6
Transmutations | |  0.6

Action                   || total
-------------------------++-------
Melee: Unarmed           ||    70
Evoke: Wand              ||     1
  Use: Potion            ||     4
Armor: Gold dragon scale ||     5
Dodge: Dodged            ||     1
Block: Kite shield       ||     1

Table legend: (Time is in decaauts)
 A = Elapsed time spent in this place.
 B = Non-inter-level travel time spent in this place.
 C = Inter-level travel time spent in this place.
 D = Time resting spent in this place.
 E = Time spent auto-exploring this place.
 F = Levels seen in this place.
 G = Mean time per level.
                   A        B        C        D        E       F      G
               +--------+--------+--------+--------+--------+-----+--------+
         Total |    411 |    408 |      3 |      0 |      0 |   1 |  411.0 |
       Dungeon |    411 |    408 |      3 |      0 |      0 |   1 |  411.0 |
               +--------+--------+--------+--------+--------+-----+--------+

Top non-repeatable levels by time:
       D: 411 daAuts
